 Dungeon Crawl Stone Soup version 0.29.1-4-g47bece8355 (webtiles) character file.

Game seed: 4836437229914230034

12627 venomsnake the Cleaver (level 11, 0/101 HPs)
             Began as a Minotaur Berserker on Dec 10, 2022.
             Was an Elder of Trog.
             Slain by a death yak (16 damage)
             ... on level 2 of the Lair of Beasts.
             The game lasted 00:53:26 (13898 turns).

venomsnake the Cleaver (Minotaur Berserker)        Turns: 13898, Time: 00:53:27

Health: 0/101      AC: 18    Str: 38    XL:     11   Next: 64%
Magic:  0/10       EV: 11    Int:  2    God:    Trog [****..]
Gold:   567        SH:  8    Dex: 14    Spells: 10/10 levels left

rFire   + . .      SeeInvis .   C - +6 hand axe "Cagun" {vorpal, rElec}
rCold   . . .      Faith    .   s - +1 kite shield
rNeg    + . .      Spirit   +   D - +1 plate armour
rPois   .          Reflect  .   (helmet restricted)
rElec   +          Harm     .   (no cloak)
rCorr   .          Rampage  .   y - +0 pair of gloves
Will    .....                   z - +0 pair of boots
Stlth   ..........              r - amulet of guardian spirit
HPRegen 0.26/turn               i - +6 ring of strength
MPRegen 0.12/turn               S - ring "Vuestoho" {rF+ rN+ Str+6 Int-2 Dex+4}

@: about to teleport
A: horns 2, retaliatory headbutt
a: Renounce Religion, Berserk, Trog's Hand, Brothers in Arms


You were on level 2 of the Lair of Beasts.
You worshipped Trog.
Trog was greatly pleased with you.
You visited 2 branches of the dungeon, and saw 10 of its levels.

You collected 643 gold pieces.
You spent 76 gold pieces at shops.

Inventory:

Hand Weapons
 A - a +0 war axe
 C - the +6 hand axe "Cagun" (weapon) {vorpal, rElec}
   (You found it on level 3 of the Dungeon)

   It inflicts extra damage upon your enemies.
   rElec:     It insulates you from electricity.
 N - a +3 battleaxe of flaming
 V - a +2 broad axe of distortion
Missiles
 j - 147 stones (quivered)
 I - 3 throwing nets
Armour
 s - a +1 kite shield (worn)
 y - a +0 pair of gloves (worn)
 z - a +0 pair of boots (worn)
 D - a +1 plate armour (worn)
Jewellery
 a - a +6 ring of dexterity
 h - a ring of fire
 i - a +6 ring of strength (left hand)
 n - a ring of positive energy
 r - an amulet of guardian spirit (around neck)
 P - an amulet of the acrobat
 R - a +6 ring of dexterity
 S - the ring "Vuestoho" (right hand) {rF+ rN+ Str+6 Int-2 Dex+4}
   (You found it on level 1 of the Lair of Beasts)

   [ring of positive energy]

   Str:       It affects your strength (+6).
   Int:       It affects your intelligence (-2).
   Dex:       It affects your dexterity (+4).
   rF:        It protects you from fire.
   rN:        It protects you from negative energy.
 U - a ring of magical power
Wands
 w - a wand of quicksilver (8)
 E - a wand of iceblast (16)
 K - a wand of mindburst (11)
Scrolls
 d - 3 scrolls of immolation {unknown}
 g - 2 scrolls of identify
 k - 5 scrolls of teleportation
 p - 2 scrolls of poison {unknown}
 t - 2 scrolls of amnesia {unknown}
 u - 2 scrolls of fog {unknown}
 v - 4 scrolls of blinking
 x - a scroll of silence {unknown}
 F - 2 scrolls of enchant weapon {unknown}
 G - 2 scrolls of summoning {unknown}
 J - 2 scrolls of noise {unknown}
 O - a scroll of brand weapon {unknown}
 Q - a scroll of fear {unknown}
 T - a scroll of magic mapping {unknown}
Potions
 b - 2 potions of heal wounds {unknown}
 c - 6 potions of curing
 e - a potion of brilliance {unknown}
 f - 3 potions of flight
 l - 3 potions of haste {unknown}
 m - 6 potions of degeneration
 o - 4 potions of mutation
 q - a potion of resistance
 B - a potion of invisibility {unknown}
 H - 4 potions of might {unknown}
 L - 3 potions of attraction {unknown}
 M - a potion of ambrosia {unknown}


   Skills:
 + Level 10.7 Fighting
 + Level 10.7 Axes
 + Level 10.4 Armour
 + Level 9.6 Dodging
 + Level 7.6 Evocations


You had 10 spell levels left.
You didn't know any spells.
Your spell library was empty.

Dungeon Overview and Level Annotations

Branches:
Dungeon (8/15)             Temple (0/1) D:5            Lair (2/5) D:8
  Swamp: Lair:2-3    Shoals: Lair:2-3     Snake: Lair:2-3    Spider: Lair:2-3

Altars:
Cheibriados
Hepliaklqana
Makhleb
Qazlal
Sif Muna
Vehumet
Wu Jian
Yredelemnul

Shops:
D:3 [   D:4 (


Innate Abilities, Weirdness & Mutations

You have a pair of horns on your head.
You reflexively headbutt those who attack you in melee.


Message History

There is a stone staircase leading up here.
You now have 567 gold pieces (gained 12).
The death yak bellows!
You hear an angry hiss.
The death yak bellows!
You hear a bellow!
You barely miss the death yak. The death yak barely misses you.
You furiously retaliate!
You headbutt the death yak, but do no damage.
You hit the death yak.
The death yak is lightly wounded.
The death yak gores you!
You hit the death yak. You headbutt the death yak!
The death yak is moderately wounded.
You hit the death yak. You barely miss the komodo dragon.
The death yak gores you but does no damage.
The death yak gores you! The komodo dragon bites you!
You hit the death yak but do no damage. You headbutt the death yak!
The death yak is heavily wounded.
You slash the komodo dragon! You hit the death yak.
The death yak closely misses you. You furiously retaliate!
You headbutt the death yak! The death yak gores you!!
You block the komodo dragon's attack.
The death yak bellows!
You hit the death yak.
The death yak is heavily wounded.
You hit the komodo dragon. You hit the death yak.
The death yak closely misses you. The death yak completely misses you.
The komodo dragon bites you!
As you read the scroll of teleportation, it crumbles to dust.
You feel strangely unstable.
The death yak bellows!
The death yak gores you!!
* * * LOW HITPOINT WARNING * * *
You block the death yak's attack. You block the komodo dragon's attack.
The death yak attacks as you move away!
The death yak gores you but does no damage.
Found a book of Debilitation.
The komodo dragon attacks as you move away!
The komodo dragon bites you but does no damage.
The death yak attacks as you move away! The death yak gores you!
You die...

..........# P... #...†##..
..........###...#.P##...#########
#.....#.#..#.#:#...#...# #.
#.....####.............# ##
.....### ...............# #
.....#.###..............# #
........................# .
#..#.###.##.P.....#.....# #
#...## #........@...#..# ##
...#.###.......lYY.....### #P
.......#....<............### #.
........................... .##
.........................## ...
..##...............Y......# .....
..###.....PP......Y..P~##.#......
...#P..##.##..........~~#........
.......##..#..........~~..P......


You could see 4 death yaks and a komodo dragon.

Vanquished Creatures
  A hydra (Lair:2)
  A two-headed ogre (D:8)
  A death yak (Lair:2)
  Pikel (D:8)
  A black mamba (Lair:2)
  A cane toad (Lair:1)
  Maggie (Lair:2)
  Psyche (D:8)
  4 komodo dragons
  6 dream sheep (Lair:2)
  3 wyverns
  3 basilisks
  10 yaks
  4 vampire mosquitoes (D:5)
  A steam dragon (D:7)
  2 wargs (D:8)
  2 water moccasins
  2 black bears
  2 ice beasts
  2 orc warriors
  3 sky beasts (D:8)
  3 wolves (Lair:1)
  An ogre (D:5)
  3 centaurs
  2 phantoms
  8 bullfrogs
  A necrophage (D:5)
  A gnoll sergeant (D:8)
  3 scorpions (D:5)
  4 wights (D:8)
  3 howler monkeys
  3 electric eels (D:6)
  6 orc priests
  A hound (D:5)
  Terence (D:2)
  8 iguanas
  6 orc wizards
  17 gnolls
  9 adders
  4 shadow imps
  2 white imps
  2 ufetubi (D:5)
  3 worms
  A dart slug (D:3)
  32 orcs
  7 endoplasms
  7 giant cockroaches
  21 goblins
  21 hobgoblins
  2 quokkas
  10 ball pythons
  6 bats
  12 frilled lizards
  11 kobolds
  4 rats
277 creatures vanquished.

Vanquished Creatures (others)
  4 bushes (Lair:2)
  10 fungi
  44 plants
58 creatures vanquished.

Grand Total: 335 creatures vanquished

Notes
Turn   | Place    | Note
-------+----------+-------------------------------------------
     0 | D:1      | venomsnake the Minotaur Berserker began the quest for the
                  | Orb.
     0 | D:1      | Reached XP level 1. HP: 19/19 MP: 0/0
   171 | D:1      | HP: 1/20 [hobgoblin (3)]
   494 | D:1      | Reached XP level 2. HP: 27/27 MP: 1/1
   788 | D:1      | Reached ** piety under Trog
  1630 | D:2      | Noticed Terence
  1651 | D:2      | Killed Terence
  1652 | D:2      | Reached skill level 1 in Evocations
  1652 | D:2      | Reached XP level 3. HP: 23/33 MP: 2/2
  1818 | D:2      | Reached XP level 4. HP: 34/40 MP: 3/3
  2718 | D:3      | Found Hilenim's Antique Armour Shoppe.
  2946 | D:3      | Bought a pair of boots for 76 gold pieces
  3150 | D:3      | Reached *** piety under Trog
  3204 | D:3      | Found a shimmering blue altar of Sif Muna.
  3208 | D:3      | Identified the +6 hand axe "Cagun" {vorpal, rElec}
  3501 | D:4      | Reached XP level 5. HP: 47/47 MP: 4/4
  3857 | D:4      | Found Dyto's Weapon Shop.
  3889 | D:4      | Found a stormy altar of Qazlal.
  3911 | D:4      | Reached **** piety under Trog
  4107 | D:4      | Reached XP level 6. HP: 50/55 MP: 5/5
  4264 | D:4      | Found a radiant altar of Vehumet.
  4595 | D:5      | Entered Level 5 of the Dungeon
  4595 | D:5      | Found a staircase to the Ecumenical Temple.
  4610 | D:5      | Reached skill level 5 in Fighting
  4610 | D:5      | Reached skill level 5 in Axes
  4744 | D:5      | Reached XP level 7. HP: 51/61 MP: 4/6
  4822 | D:5      | Found a snail-covered altar of Cheibriados.
  4976 | D:5      | Reached skill level 5 in Armour
  5000 | D:5      | Found an ornate altar of the Wu Jian Council.
  5075 | D:5      | Noticed a vampire mosquito
  5075 | D:5      | Noticed a vampire mosquito
  5075 | D:5      | Noticed a vampire mosquito
  5075 | D:5      | Noticed a vampire mosquito
  5078 | D:5      | Killed a vampire mosquito
  5084 | D:5      | Killed a vampire mosquito
  5085 | D:5      | Killed a vampire mosquito
  5086 | D:5      | Reached skill level 5 in Dodging
  5086 | D:5      | Reached XP level 8. HP: 25/70 MP: 1/7
  6071 | D:5      | Reached XP level 9. HP: 72/79 MP: 6/8
  6789 | D:6      | Found a basalt altar of Yredelemnul.
  7460 | D:7      | Found a hazy altar of Hepliaklqana.
  7468 | D:7      | Reached skill level 5 in Evocations
  7472 | D:7      | Found a flagged portal.
  8235 | D:8      | Reached ***** piety under Trog
  8516 | D:8      | Noticed a two-headed ogre
  8524 | D:8      | Killed a two-headed ogre
  8527 | D:8      | Reached XP level 10. HP: 48/90 MP: 5/9
  8787 | D:8      | Found a burning altar of Makhleb.
  8896 | D:8      | Found a staircase to the Lair.
  8896 | D:8      | Noticed Psyche
  9082 | D:8      | Noticed Pikel
  9096 | D:8      | Killed Pikel
  9120 | D:8      | Received a gift from Trog
  9331 | D:8      | Killed Psyche
 10139 | Lair:1   | Entered Level 1 of the Lair of Beasts
 10313 | Lair:1   | Noticed a cane toad
 10325 | Lair:1   | Killed a cane toad
 11066 | Lair:1   | Reached XP level 11. HP: 99/99 MP: 10/10
 11205 | Lair:1   | Identified the ring "Vuestoho" {rF+ rN+ Str+6 Int-2 Dex+4}
 11455 | Lair:1   | Reached skill level 10 in Axes
 11582 | Lair:1   | Reached skill level 10 in Fighting
 11801 | Lair:2   | Noticed a death yak
 11816 | Lair:2   | Killed a death yak
 11893 | Lair:2   | Noticed a five-headed hydra
 11914 | Lair:2   | Killed a three-headed hydra
 12210 | Lair:2   | Reached skill level 10 in Armour
 12672 | Lair:2   | Noticed a death yak
 12673 | Lair:2   | Noticed a catoblepas
 13202 | Lair:2   | Noticed Maggie
 13212 | Lair:2   | Killed Maggie
 13366 | Lair:2   | Noticed a death yak
 13367 | Lair:2   | Noticed a death yak
 13375 | Lair:2   | Noticed a death yak
 13375 | Lair:2   | Noticed a death yak
 13898 | Lair:2   | Slain by a death yak

Illustrated notes

Levels and vault maps discovered:
D:1:      sevenhm_arrival_forest_fort_large_2, layout_loops_ring,
          minmay_misc_feat_five, chequers_serial_rivers_micro_a,
          nrook_mini_vaults, kennysheep_small_spiral, supply_closet_lemuel,
          minmay_lizard_pond
D:2:      layout_loops_ring, uniq_terence
D:3:      minmay_wonky_spiral, layout_basic, lemuel_coloured_pillars_altar,
          serial_shops, nicolae_shop_stone
D:4:      corexii_shantytown, layout_loops_ring, mainiacjoe_overflow_alcove_4,
          mainiacjoe_overflow_brackets, serial_shops,
          nicolae_shop_bloodbath_and_beyond, enter_ossuary_1
D:5:      minmay_thinvault, layout_gridville, nzn_wu_jian_council_hall,
          mainiacjoe_overflow_concentric_impassable,
          minmay_temple_entry_gardened_gates, grunt_decor_cap
D:6:      layout_basic, mainiacjoe_overflow_catwalk, kennysheep_boxes
D:7:      layout_rooms, general_overflow_altar, enter_bailey_5,
          minmay_starry_boxes
D:8:      layout_layer_cave, kennysheep_mini_moat, erik_lair_orcish_takeover,
          grunt_ministairs_15, uniq_psyche, uniq_pikel
Lair:1:   layout_regular_city
Lair:2:   layout_gridlike, nicolae_lair_grazing_beasts
          [nicolae_sub_lair_graze_edge, nicolae_sub_lair_graze_edge,
          nicolae_sub_lair_graze_edge, nicolae_sub_lair_graze_edge], uniq_maggie

Skill      XL: |  1  2  3  4  5  6  7  8  9 10 11 |
---------------+----------------------------------+-----
Fighting       | 4 5 6 7 8 9 10 | 10.7
Axes           | 4 5 6 7 8 9 10 | 10.7
Armour         | 3 4 5 6 8 9 10 | 10.4
Evocations     | 1 2 3 4 5 6 7 |  7.6
Dodging        | 3 4 5 6 7 8 9 |  9.6

Action                   |  1- 3 |  4- 6 |  7- 9 | 10-12 || total
-------------------------+-------+-------+-------+-------++-------
Melee: Hand axe          |    58 |   135 |   209 |   235 ||   637
       Headbutt          |     6 |    21 |    32 |    52 ||   111
       War axe           |       |    14 |       |       ||    14
       Battleaxe         |       |       |       |     2 ||     2
Throw: Stone             |     1 |       |     6 |       ||     7
Invok: Berserk           |       |       |     1 |       ||     1
       Trog's Hand       |       |       |       |     1 ||     1
  Use: Scroll            |       |     5 |     2 |     6 ||    13
Armor: Animal skin       |     6 |       |       |       ||     6
       Leather armour    |     9 |     1 |       |       ||    10
       Ring mail         |       |    14 |       |       ||    14
       Scale mail        |       |    14 |       |       ||    14
       Plate armour      |       |     7 |   116 |    99 ||   222
       Chain mail        |       |     6 |       |       ||     6
       Skin              |       |       |       |     1 ||     1
Dodge: Dodged            |    35 |    64 |    73 |    86 ||   258
Block: Kite shield       |       |    31 |    93 |    67 ||   191
